 Dungeon Crawl Stone Soup version 0.20.0-7-g3b7b877 (webtiles) character file.

243 IcyS the Chiller (level 6, 0/36 HPs)
             Began as an Octopode Ice Elementalist on May 28, 2017.
             Slain by an orc wizard
             ... wielding a +0 dagger
              (3 damage)
             ... on level 4 of the Dungeon.
             The game lasted 00:12:09 (3218 turns).

IcyS the Chiller (Octopode Ice Elementalist)        Turns: 3218, Time: 00:12:10

Health: 0/36       AC:  1    Str:  8    XL:     6   Next: 9%
Magic:  2/12       EV: 13    Int: 18    God:
Gold:   22         SH:  0    Dex: 13    Spells: 7/13 levels left

rFire    . . .     SeeInvis .   q - +2 dagger (venom)
rCold    . . .     Gourm    .   (no shield)
rNeg     . . .     Faith    .   (helmet restricted)
rPois    .         Spirit   .   w - amulet of magic regeneration
rElec    .         Reflect  .   h - ring of resist corrosion
rCorr    +         Harm     .   n - ring of wizardry
MR       +....                  x - ring of protection from magic
Stlth    +++.......             u - ring of flight
Regen    0.2/turn               (no ring)
MPRegen  0.2/turn               (no ring)
                                (no ring)
                                (no ring)

@: very slightly contaminated
A: almost no armour, stealthy swim, amphibious, 8 rings, constrict 8, camouflage
1, gelatinous body 1
a: Evoke Flight


You were on level 4 of the Dungeon.
You were hungry.

You visited 1 branch of the dungeon, and saw 4 of its levels.

You collected 182 gold pieces.
You spent 160 gold pieces at shops.

Inventory:

Hand Weapons
 j - a +0 hand axe
 q - a +2 dagger of venom (weapon)
 s - a +0 hunting sling
 H - a +2 spear of freezing
Missiles
 c - 67 sling bullets
Jewellery
 h - a ring of resist corrosion (left tentacle)
 n - a ring of wizardry (right tentacle)
 u - a ring of flight (on tentacle)
 w - an amulet of magic regeneration (around mantle)
 x - a ring of protection from magic (on tentacle)
Wands
 y - a wand of confusion (9/48)
Scrolls
 d - 3 scrolls of enchant armour {unknown}
 f - a scroll of amnesia {unknown}
 i - 2 scrolls of remove curse {unknown}
 p - a scroll of recharging {unknown}
 t - 5 scrolls of identify {unknown}
 v - 2 scrolls of blinking {unknown}
 z - a scroll of enchant weapon {unknown}
 D - 2 scrolls of teleportation {unknown}
 E - a scroll of noise {unknown}
Potions
 e - a potion of lignification {unknown}
 g - 3 potions of flight {unknown}
 k - 2 potions of berserk rage {unknown}
 m - 4 potions of curing
 o - 2 potions of haste {unknown}
 A - a potion of might {unknown}
 B - a potion of mutation {unknown}
 C - a potion of agility {unknown}
 F - a potion of invisibility
Books
 a - a book of Frost

   Spells                             Type                      Level
   a - Freeze                         Ice                          1
   b - Throw Frost                    Conjuration/Ice              2
   c - Ozocubu's Armour               Charms/Ice                   3
   d - Throw Icicle                   Conjuration/Ice              4
   e - Summon Ice Beast               Ice/Summoning                4
Comestibles
 b - 4 bread rations
 l - 4 meat rations
 r - 5 chunks of flesh


   Skills:
 - Level 2.0 Dodging
 - Level 2.6 Stealth
 + Level 4.3 Spellcasting
 - Level 1.0 Conjurations
 + Level 5.0 Ice Magic


You had 7 spell levels left.
You knew the following spells:

 Your Spells              Type           Power        Failure   Level  Hunger
a - Freeze                Ice            ###.         1%          1    None
b - Throw Frost           Conj/Ice       ##....       2%          2    ##.....
c - Ozocubu's Armour      Chrm/Ice       ##......     6%          3    ###....


Dungeon Overview and Level Annotations

Branches:
Dungeon (4/15)
 Temple: D:4-7

Altars:
Ashenzari
Fedhas
Gozag
Beogh

Shops:
D:4 !

Annotations:
D:3 1 transporter, 1 runed door


Innate Abilities, Weirdness & Mutations

You cannot wear most types of armour.
You are very stealthy in the water. (Stealth+)
You are amphibious.
You can wear up to eight rings at the same time.
You can use your tentacles to constrict eight enemies at once.
Your skin changes colour to match your surroundings (Stealth+).
Your rubbery body absorbs attacks. (AC +1, EV +1)


Message History

Aim: an orc priest (moderately wounded)
The puff of frost hits something.
Something hits you but does no damage.
Casting: Throw Frost
Confirm with . or Enter, or press ? or * to list all spells.
You can't see any susceptible monsters within range! (Use Z to cast anyway.)
Casting: Throw Frost
Confirm with . or Enter, or press ? or * to list all spells.
Aiming: Freeze
Press: ? - help, Shift-Dir - straight line, f - you, p - orc priest
Okay, then.
You closely miss something. Something hits you.
You barely miss something. You squeeze something.
The orc priest mumbles some strange prayers to Beogh against you.
Beogh smites you!
You hear some strange, mumbled words.
A magic dart appears from out of thin air!
The magic dart hits you!
* * * LOW HITPOINT WARNING * * *
You closely miss something. Something hits you.
You die...

#......#####..## #.#
####.<##._$##..# #.#
#..#.8o8$#..# #.###
....#..$.$#..# #....
#.####.8.8$#..## #####
#. ...###..####### #
##'# #†>.[....#
#[#####..###########.#
#..$.@.o.........# #.#
################.# #.#
#.###.# #.....#
####### #


You could see an orc priest.

Vanquished Creatures
  A scorpion (D:4)
  An orc priest (D:4)
  Jessica (D:3)
  3 adders
  4 gnolls (D:4)
  2 dart slugs
  A leopard gecko (D:2)
  2 orcs
  3 giant cockroaches
  10 goblins
  9 hobgoblins
  3 jackals (D:2)
  3 quokkas
  6 bats
  4 frilled lizards
  3 kobolds
  7 rats
  A plant (D:3)
64 creatures vanquished.

Notes
Turn   | Place    | Note
-------+----------+-------------------------------------------
     0 | D:1      | IcyS the Octopode Ice Elementalist began the quest for the Orb.
     0 | D:1      | Reached XP level 1. HP: 11/11 MP: 3/3
   198 | D:1      | Reached XP level 2. HP: 16/17 MP: 3/5
   781 | D:1      | Reached XP level 3. HP: 21/21 MP: 6/6
  1139 | D:2      | Reached skill level 4 in Ice Magic
  1535 | D:2      | Reached XP level 4. HP: 26/27 MP: 6/8
  1654 | D:2      | Found an opulent altar of Gozag.
  1790 | D:2      | Learned a level 2 spell: Throw Frost
  1794 | D:2      | Learned a level 3 spell: Ozocubu's Armour
  1963 | D:3      | Found a transporter.
  2097 | D:3      | Noticed Jessica
  2100 | D:3      | Killed Jessica
  2319 | D:3      | Reached XP level 5. HP: 25/31 MP: 8/10
  2492 | D:3      | Found a shattered altar of Ashenzari.
  2617 | D:3      | Found a runed door.
  2766 | D:3      | Found a blossoming altar of Fedhas.
  3108 | D:4      | Found Veowurei's Distillery.
  3117 | D:4      | Bought a potion of invisibility for 80 gold pieces
  3117 | D:4      | Bought a potion of curing for 30 gold pieces
  3117 | D:4      | Bought a potion of heal wounds for 50 gold pieces
  3200 | D:4      | Found a roughly hewn altar of Beogh.
  3209 | D:4      | Reached skill level 5 in Ice Magic
  3209 | D:4      | Reached XP level 6. HP: 22/36 MP: 6/12
  3218 | D:4      | Slain by an orc wizard

Skill      XL: |  1  2  3  4  5 |
---------------+----------------+-----
Ice Magic      | 4 5 |  5.0
Spellcasting   | 3 4 |  4.3
Dodging        | |  2.0
Stealth        | |  2.6
Conjurations   | |  1.0

Action                   |  1- 3 |  4- 6 || total
-------------------------+-------+-------++-------
Melee: Unarmed           |    14 |       ||    14
       Constrict         |    11 |     4 ||    15
       Tentacles         |     5 |     5 ||    10
       Hand axe          |    11 |       ||    11
       Dagger            |     8 |    35 ||    43
 Cast: Freeze            |    38 |    29 ||    67
       Throw Frost       |       |     5 ||     5
       Ozocubu's Armour  |       |     1 ||     1
  Use: Potion            |       |     1 ||     1
 Stab: Sleeping          |     8 |     6 ||    14
       Distracted        |     1 |       ||     1
  Eat: Chunk             |     2 |     3 ||     5
       Royal jelly       |       |     1 ||     1
Armor: Skin              |     6 |     3 ||     9
Dodge: Dodged            |    31 |    12 ||    43
